SKY
ST. LOUIS CARDINALS @ TORONTO BLUE JAYS
06/18/2052
 
TOP OF THE 1ST
St. Louis Cardinals batting - Pitching for Toronto Blue Jays : LHP Kevin Alessandroni
Pitching: LHP Kevin Alessandroni
Batting: SHB Joseph Mitchell 0-0: Called Strike
0-1: Swinging Strike
0-2: Ball
1-2: Ball
2-2: Strikes out swinging
Batting: RHB Paco Paredes 0-0: Ball
1-0: Foul Ball, location: 2F
1-1: Swinging Strike
1-2: Foul Ball, location: 9LDF
1-2: Ball
2-2: SINGLE (Line Drive, 7S, EV 88.1 MPH)
Batting: SHB José Jesús De La Cruz 0-0: Called Strike
0-1: Fly out, F9 (Flyball, 9D, EV 105.0 MPH)
Batting: RHB Dan Moore 0-0: Called Strike
0-1: Called Strike
0-2: Ball
1-2: Fly out, F4 (Popup, 4M, EV 75.6 MPH)
Top of the 1st over - 0 runs, 1 hit, 0 errors, 1 left on base; St. Louis 0 - Toronto 0
BOTTOM OF THE 1ST
Toronto Blue Jays batting - Pitching for St. Louis Cardinals : RHP Jamison Bond
Pitching: RHP Jamison Bond
Batting: LHB Connor Thomas 0-0: Ball
1-0: DOUBLE (Line Drive, 78D, EV 103.8 MPH)
Batting: RHB Mike Asawawong 0-0: Called Strike
0-1: Called Strike
0-2: Ball
1-2: Foul Ball, location: 9LMF
1-2: Ground out 5-3 (Groundball, 5S, EV 69.4 MPH)
Batting: LHB Jackson Kilsdonk 0-0: Fly out, F8 (Flyball, 8RM, EV 90.0 MPH)
Batting: RHB Jayden Bice 0-0: Ball
1-0: Foul Ball, location: 3FF
1-1: Called Strike
1-2: Ball
2-2: Strikes out swinging
Bottom of the 1st over - 0 runs, 1 hit, 0 errors, 1 left on base; St. Louis 0 - Toronto 0
TOP OF THE 2ND
St. Louis Cardinals batting - Pitching for Toronto Blue Jays : LHP Kevin Alessandroni
Batting: SHB Sammy Horgan 0-0: Ball
1-0: Foul Ball, location: 3F
1-1: Ball
2-1: Ground out 6-3 (Groundball, 6D, EV 100.0 MPH)
Batting: LHB Josef Rosendorff 0-0: Called Strike
0-1: Ball
1-1: Swinging Strike
1-2: Foul Ball, location: 7LSF
1-2: Foul Ball, location: 5F
1-2: Strikes out swinging
Batting: SHB Lucas Cavanaugh 0-0: Foul Ball, location: 9LMF
0-1: Foul Ball, location: 2F
0-2: Strikes out swinging
Top of the 2nd over - 0 runs, 0 hits, 0 errors, 0 left on base; St. Louis 0 - Toronto 0
BOTTOM OF THE 2ND
Toronto Blue Jays batting - Pitching for St. Louis Cardinals : RHP Jamison Bond
Batting: RHB Atlas Alvarado 0-0: Swinging Strike
0-1: Ground out U3 (Groundball, 3L, EV 101.9 MPH)
Batting: LHB Gael Villarreal 0-0: Ground out 1-3 (Groundball, 13S, EV 59.4 MPH)
Batting: RHB Ernie Brox 0-0: Called Strike
0-1: Ball
1-1: Fly out, F8 (Flyball, 89D, EV 97.5 MPH)
Bottom of the 2nd over - 0 runs, 0 hits, 0 errors, 0 left on base; St. Louis 0 - Toronto 0
TOP OF THE 3RD
St. Louis Cardinals batting - Pitching for Toronto Blue Jays : LHP Kevin Alessandroni
Batting: LHB Marcus Jones 0-0: Called Strike
0-1: Ball
1-1: Ball
2-1: Foul Ball, location: 2F
2-2: Strikes out looking
Batting: RHB Thomas Hale 0-0: Fly out, F7 (Flyball, 7, EV 92.5 MPH)
Batting: SHB Joseph Mitchell 0-0: Called Strike
0-1: Ball
1-1: Called Strike
1-2: Ball
2-2: Ball
3-2: Base on Balls
Batting: RHB Paco Paredes 0-0: Swinging Strike
0-1: Ball
1-1: Ball
2-1: Fielders Choice at 2nd, 6-4 (Groundball, 6, EV 77.5 MPH)
Top of the 3rd over - 0 runs, 0 hits, 0 errors, 1 left on base; St. Louis 0 - Toronto 0
BOTTOM OF THE 3RD
Toronto Blue Jays batting - Pitching for St. Louis Cardinals : RHP Jamison Bond
Batting: RHB Mal Hetzel 0-0: Ground out 4-3 (Groundball, 4, EV 78.8 MPH)
Batting: RHB Fadil Ring 0-0: Ball
1-0: Called Strike
1-1: Called Strike
1-2: Ball
2-2: Ball
3-2: Base on Balls
Batting: LHB Connor Thomas 0-0: Called Strike
0-1: Swinging Strike
0-2: Ball
1-2: Ball
2-2: Ball
3-2: Strikes out looking
Fadil Ring steals 2nd base
Batter strikes out.
Batting: RHB Mike Asawawong 0-0: Foul Ball, location: 2F
0-1: Ball
1-1: SINGLE (Groundball, 6MS, EV 89.4 MPH) (infield hit)
Fadil Ring to third
Batting: LHB Jackson Kilsdonk 0-0: Ball
1-0: Called Strike
1-1: Foul Ball, location: 2F
1-2: SINGLE (Groundball, 4MD, EV 96.9 MPH)
Fadil Ring scores
Mike Asawawong to second
Batting: RHB Jayden Bice 0-0: Foul Ball, location: 9LMF
0-1: Ball
1-1: SINGLE (Line Drive, 9LM, EV 104.4 MPH)
Mike Asawawong to third
Jackson Kilsdonk to second
Runner from 3rd tries for Home, SAFE, no throw by RF
Batting: RHB Atlas Alvarado 0-0: Ball
1-0: Swinging Strike
1-1: Ball
2-1: SINGLE (Line Drive, 78S, EV 103.1 MPH)
Jackson Kilsdonk to third
Jayden Bice to second
Batting: LHB Gael Villarreal 0-0: Ball
1-0: Ball
2-0: Ball
3-0: Called Strike
3-1: Base on Balls
Jackson Kilsdonk scores
Jayden Bice to third
Atlas Alvarado to second
Batting: RHB Ernie Brox 0-0: Fielders Choice at 2nd, 6-4 (Groundball, 6, EV 87.5 MPH)
Bottom of the 3rd over - 3 runs, 4 hits, 0 errors, 3 left on base; St. Louis 0 - Toronto 3
TOP OF THE 4TH
St. Louis Cardinals batting - Pitching for Toronto Blue Jays : LHP Kevin Alessandroni
Batting: SHB José Jesús De La Cruz 0-0: Ball
1-0: Ball
2-0: Called Strike
2-1: Foul Ball, location: 2F
2-2: Fly out, F9 (Line Drive, 89M, EV 91.9 MPH)
Batting: RHB Dan Moore 0-0: Ball
1-0: SINGLE (Line Drive, 89S, EV 91.9 MPH)
Batting: SHB Sammy Horgan 0-0: Ball
1-0: Ground out 4-3 (Groundball, 34, EV 108.8 MPH)
Dan Moore to second
Batting: LHB Josef Rosendorff 0-0: Ball
1-0: Ball
2-0: Called Strike
2-1: Ball
3-1: DOUBLE (Line Drive, 9LS, EV 94.4 MPH)
Dan Moore scores
Batting: SHB Lucas Cavanaugh 0-0: Called Strike
0-1: Ball
1-1: Ball
2-1: Fly out, F9 (Flyball, 89M, EV 97.5 MPH)
Top of the 4th over - 1 run, 2 hits, 0 errors, 1 left on base; St. Louis 1 - Toronto 3
BOTTOM OF THE 4TH
Toronto Blue Jays batting - Pitching for St. Louis Cardinals : RHP Jamison Bond
Batting: RHB Mal Hetzel 0-0: Ball
1-0: Ball
2-0: Ball
3-0: Called Strike
3-1: Foul Ball, location: 3DF
3-2: Fly out, F8 (Flyball, 8RS, EV 85.6 MPH)
Batting: RHB Fadil Ring 0-0: Foul Ball, location: 2F
0-1: Ground out 4-3 (Groundball, 4, EV 82.5 MPH)
Batting: LHB Connor Thomas 0-0: Foul Ball, location: 7LSF
0-1: Ground out 4-3 (Groundball, 4, EV 85.0 MPH)
Bottom of the 4th over - 0 runs, 0 hits, 0 errors, 0 left on base; St. Louis 1 - Toronto 3
TOP OF THE 5TH
St. Louis Cardinals batting - Pitching for Toronto Blue Jays : LHP Kevin Alessandroni
Batting: LHB Marcus Jones 0-0: Ball
1-0: Ball
2-0: SINGLE (Groundball, 6MD, EV 103.8 MPH)
Batting: RHB Thomas Hale 0-0: Ball
1-0: Foul Ball, location: 2F
1-1: Grounds into double play, 4-6-3 (Groundball, 4, EV 91.9 MPH)
Batting: SHB Joseph Mitchell 0-0: Ball
1-0: Called Strike
1-1: SINGLE (Line Drive, 9S, EV 103.8 MPH)
Batting: RHB Paco Paredes 0-0: Ball
1-0: Swinging Strike
1-1: Foul Ball, location: 3FF
1-2: Ball
2-2: Strikes out swinging
Top of the 5th over - 0 runs, 2 hits, 0 errors, 1 left on base; St. Louis 1 - Toronto 3
BOTTOM OF THE 5TH
Toronto Blue Jays batting - Pitching for St. Louis Cardinals : RHP Jamison Bond
Batting: RHB Mike Asawawong 0-0: Ball
1-0: Ball
2-0: Ground out 6-3 (Groundball, 6MD, EV 108.1 MPH)
Batting: LHB Jackson Kilsdonk 0-0: Called Strike
0-1: Foul Ball, location: 5F
0-2: Fly out, F7 (Flyball, 7D, EV 106.9 MPH)
Batting: RHB Jayden Bice 0-0: SINGLE (Groundball, 34S, EV 86.3 MPH)
Batting: RHB Atlas Alvarado 0-0: Ball
1-0: Foul Ball, location: 3F
1-1: Ball
2-1: Fly out, F8 (Flyball, 8RM, EV 80.0 MPH)
Bottom of the 5th over - 0 runs, 1 hit, 0 errors, 1 left on base; St. Louis 1 - Toronto 3
TOP OF THE 6TH
St. Louis Cardinals batting - Pitching for Toronto Blue Jays : LHP Kevin Alessandroni
Batting: SHB José Jesús De La Cruz 0-0: Foul Ball, location: 23FF
0-1: Ground out 6-3 (Groundball, 6S, EV 85.0 MPH)
Batting: RHB Dan Moore 0-0: Swinging Strike
0-1: DOUBLE (Flyball, 78XD, EV 112.5 MPH)
Batting: SHB Sammy Horgan 0-0: Called Strike
0-1: Foul Ball, location: 5F
0-2: Ball
1-2: Ball
2-2: Foul Ball, location: 5DF
2-2: Foul Ball, location: 2LF
2-2: Ball
3-2: Fly out, F3 (Popup, 3S, EV 62.5 MPH)
Batting: LHB Josef Rosendorff 0-0: Called Strike
0-1: DOUBLE (Groundball, 3L, EV 101.9 MPH)
Dan Moore scores
Batting: SHB Lucas Cavanaugh 0-0: Foul Ball, location: 9LDF
0-1: Ball
1-1: Foul Ball, location: 2F
1-2: Strikes out swinging
Top of the 6th over - 1 run, 2 hits, 0 errors, 1 left on base; St. Louis 2 - Toronto 3
BOTTOM OF THE 6TH
Toronto Blue Jays batting - Pitching for St. Louis Cardinals : RHP Jamison Bond
Batting: LHB Gael Villarreal 0-0: Called Strike
0-1: Called Strike
0-2: Ball
1-2: Strikes out looking
Batting: RHB Ernie Brox 0-0: Ground out 4-3 (Groundball, 4, EV 103.8 MPH)
Batting: RHB Mal Hetzel 0-0: Ball
1-0: Foul Ball, location: 7LMF
1-1: Ball
2-1: Swinging Strike
2-2: Ball
3-2: Base on Balls
Batting: RHB Fadil Ring 0-0: Ball
1-0: Ball
2-0: Ball
3-0: Called Strike
3-1: Called Strike
3-2: DOUBLE (Line Drive, 9LM, EV 85.6 MPH)
Mal Hetzel to third
Mal Hetzel scores
Batting: LHB Connor Thomas 0-0: Ball
1-0: Ground out 4-3 (Groundball, 4M, EV 96.3 MPH)
Bottom of the 6th over - 1 run, 1 hit, 0 errors, 1 left on base; St. Louis 2 - Toronto 4
TOP OF THE 7TH
St. Louis Cardinals batting - Pitching for Toronto Blue Jays : LHP Kevin Alessandroni
Batting: LHB Marcus Jones 0-0: Foul Ball, location: 7LSF
0-1: Ball
1-1: Foul Ball, location: 2F
1-2: Ball
2-2: Foul Ball, location: 7LDF
2-2: SINGLE (Line Drive, 89M, EV 96.3 MPH)
Batting: RHB Thomas Hale 0-0: Ball
1-0: Ball
2-0: Fly out, F8 (Flyball, 8LD, EV 102.5 MPH)
Batting: SHB Joseph Mitchell 0-0: Ball
1-0: Ball
2-0: Ball
3-0: Called Strike
3-1: Reached on error, E5 (Groundball, 56, EV 93.1 MPH)
Marcus Jones to second
Pitching: RHP David Hitz
Batting: RHB Paco Paredes 0-0: Called Strike
0-1: Called Strike
0-2: Ball
1-2: Strikes out swinging
Batting: SHB José Jesús De La Cruz 0-0: Ball
1-0: Fielders Choice at 2nd, 6-4 (Groundball, 6, EV 90.6 MPH)
Top of the 7th over - 0 runs, 1 hit, 1 error, 2 left on base; St. Louis 2 - Toronto 4
BOTTOM OF THE 7TH
Toronto Blue Jays batting - Pitching for St. Louis Cardinals : RHP Jamison Bond
Batting: RHB Mike Asawawong 0-0: Ball
1-0: Ball
2-0: Swinging Strike
2-1: Ball
3-1: Base on Balls
Pitching: LHP Josef O'Hara
Batting: LHB Jackson Kilsdonk 0-0: Called Strike
0-1: Ball
1-1: Ball
2-1: Swinging Strike
2-2: Foul Ball, location: 25FF
2-2: Ball
3-2: Strikes out swinging
Batting: RHB Jayden Bice 0-0: Ball
1-0: Ball
2-0: Ball
Wild Pitch!
Mike Asawawong to second
3-0: Called Strike
3-1: Base on Balls
Batting: RHB Atlas Alvarado 0-0: Fly out, F9 (Line Drive, 89M, EV 86.9 MPH)
Batting: LHB Gael Villarreal 0-0: Ball
1-0: Fly out, F9 (Line Drive, 89M, EV 94.4 MPH)
Bottom of the 7th over - 0 runs, 0 hits, 0 errors, 2 left on base; St. Louis 2 - Toronto 4
TOP OF THE 8TH
St. Louis Cardinals batting - Pitching for Toronto Blue Jays : RHP David Hitz
Pitching: RHP Homer Covarrubias
Batting: RHB Dan Moore 0-0: Called Strike
0-1: Ball
1-1: Ball
2-1: Called Strike
2-2: Strikes out looking
Batting: SHB Sammy Horgan 0-0: Ball
1-0: Fly out, F7 (Flyball, 7S, EV 95.0 MPH)
Batting: LHB Josef Rosendorff 0-0: Called Strike
0-1: Fly out, F7 (Line Drive, 78M, EV 92.5 MPH)
Top of the 8th over - 0 runs, 0 hits, 0 errors, 0 left on base; St. Louis 2 - Toronto 4
BOTTOM OF THE 8TH
Toronto Blue Jays batting - Pitching for St. Louis Cardinals : LHP Josef O'Hara
Pitching: RHP Mal Tanner
Batting: RHB Ernie Brox 0-0: Ball
1-0: Ball
2-0: Ball
3-0: Called Strike
3-1: DOUBLE (Line Drive, 78D, EV 110.6 MPH)
Batting: RHB Mal Hetzel 0-0: Intentional Walk
Batting: RHB Fadil Ring 0-0: Sac Bunt to 15 - play at first, batter OUT! 1-3
Ernie Brox to third
Mal Hetzel to second
Batting: LHB Connor Thomas 0-0: Intentional Walk
Batting: RHB Mike Asawawong 0-0: Ball
1-0: Foul Ball, location: 25F
1-1: Ball
2-1: Fly out, F8 (Flyball, 8RM, EV 79.4 MPH)
Batting: LHB Jackson Kilsdonk 0-0: SINGLE (Line Drive, 6D, EV 100.6 MPH)
Ernie Brox scores
Mal Hetzel to third
Connor Thomas to second
Runner from 3rd tries for Home, SAFE, throw by CF to home
Batting: RHB Jayden Bice 0-0: Ball
1-0: Swinging Strike
1-1: Ball
2-1: Fly out, F3 (Popup, 3SF, EV 76.9 MPH)
Bottom of the 8th over - 2 runs, 2 hits, 0 errors, 2 left on base; St. Louis 2 - Toronto 6
TOP OF THE 9TH
St. Louis Cardinals batting - Pitching for Toronto Blue Jays : RHP Homer Covarrubias
Batting: SHB Lucas Cavanaugh 0-0: Ball
1-0: Called Strike
1-1: DOUBLE (Flyball, 9LD, EV 105.6 MPH)
Batting: LHB Marcus Jones 0-0: Called Strike
0-1: Ball
1-1: Ball
2-1: Fly out, F7 (Flyball, 7LMF, EV 92.5 MPH)
Pinch Hitting: LHB Braylen De Witt 0-0: Ball
1-0: Ball
2-0: Ball
3-0: Called Strike
3-1: Foul Ball, location: 7LSFF
3-2: Ground out U3 (Groundball, 3, EV 98.1 MPH)
Lucas Cavanaugh to third
Batting: SHB Joseph Mitchell 0-0: Fly out, F6 (Popup, 4MS, EV 72.5 MPH)
Top of the 9th over - 0 runs, 1 hit, 0 errors, 1 left on base; St. Louis 2 - Toronto 6
Thursday, April 25th , 2024 - OOTP Baseball 24.11 Build 85